 Dungeon Crawl Stone Soup version 0.17-a0-1650-gce8475a (console) character file.

52743 Monkaria the Nimble (level 14, -4/86 HPs)
             Began as a Deep Elf Conjurer on Aug 12, 2015.
             Was the Champion of Vehumet.
             Slain by a spiny frog (16 damage)
             ... on level 7 of the Lair of Beasts on Aug 13, 2015.
             The game lasted 01:18:13 (26394 turns).

Monkaria the Nimble (Deep Elf Conjurer)            Turns: 26394, Time: 01:18:13

Health: -4/86      AC: 16    Str:  5    XL:     14   Next: 28%
Magic:  33/42      EV: 22    Int: 37    God:    Vehumet [******]
Gold:   896        SH:  0    Dex: 15    Spells: 7 memorised, 10 levels left

rFire  . . .     SeeInvis .     S - +1 eveningstar {holy, rN+ AC+5 Int+5}
rCold  x . .     Clarity  .     b - +0 leather armour of Zin's Pride {rC- Int+4}
rNeg   + . .     SustAt   .     (no shield)
rPois  .         Gourm    .     f - +0 helmet (curse)
rElec  .         Spirit   .     C - +0 cloak
rCorr  .         Warding  .     m - +1 pair of gloves
rMut   .         Stasis   .     H - +0 pair of boots
MR     +....                    (no amulet)
Stlth  +.........               e - +2 ring of evasion
                                J - ring of magical power

@: glowing, somewhat resistant to hostile enchantments, very unstealthy
A: rugged brown scales 1, clever 1, shaggy fur 1
a: Renounce Religion


You were on level 7 of the Lair of Beasts.
You worshipped Vehumet.
Vehumet was exalted by your worship.
You were not hungry.

You visited 3 branches of the dungeon, and saw 20 of its levels.
You also visited: Labyrinth.

You collected 1299 gold pieces.
You spent 403 gold pieces at shops.

Inventory:

Hand weapons
 g - a +0 blowgun
 K - the +2 hand crossbow "Gunedin" {freeze, *Drain rC+++ Int+5}
   (You took it off a minotaur in a labyrinth)

   It causes projectiles fired from it to freeze those they strike, causing
   extra injury to most foes and up to half again as much damage against
   particularly susceptible opponents.
   They can also slow down cold-blooded creatures.
   It affects your intelligence (+5).
   It renders you almost immune to cold.
   It causes draining when unequipped.
 O - the +6 hand axe of Execution {holy, MP+9 Str+5, unknown}
   (You found it on level 7 of the Lair of Beasts)

   It has been blessed by the Shining One to cause great damage to the undead
   and demons.
   It affects your strength (+5).
   It affects your magic capacity (+9).
 S - the +1 eveningstar "Brilliance" (weapon) {holy, rN+ AC+5 Int+5}
   (You found it in a labyrinth)

   It has been blessed by the Shining One to cause great damage to the undead
   and demons.
   It affects your AC (+5).
   It affects your intelligence (+5).
   It protects you from negative energy.
Missiles
 q - 33 poisoned needles
 I - 3 throwing nets (quivered)
Armour
 a - a +1 robe
 b - the +0 leather armour of Zin's Pride (worn) {rC- Int+4}
   (You found it on level 2 of the Lair of Beasts)

   It affects your intelligence (+4).
   It makes you vulnerable to cold.
 f - a cursed +0 helmet (worn)
 m - a +1 pair of gloves (worn)
 C - a +0 cloak (worn)
 H - a +0 pair of boots (worn)
Jewellery
 e - a +2 ring of evasion (right hand)
 s - an uncursed amulet of regeneration
 w - an uncursed ring of fire
 J - a ring of magical power (left hand)
 M - an uncursed amulet of guardian spirit
 P - an uncursed ring of see invisible
Magical devices
 j - a wand of polymorph (5)
 k - a wand of random effects (25)
 l - a wand of fire (11)
 o - a wand of frost (45)
 u - a wand of cold (11)
 D - a wand of paralysis (15)
 G - a wand of paralysis (12)
Scrolls
 h - 3 scrolls of fog
 r - a scroll of blinking
 v - a scroll of summoning
 x - 6 scrolls of remove curse
 y - 5 scrolls of teleportation
 A - a scroll of amnesia
 R - a scroll of recharging
Potions
 i - a potion of might
 n - a potion of magic
 p - 3 potions of agility
 t - a potion of ambrosia {unknown}
 z - 2 potions of curing
 E - 5 potions of flight
 F - 5 potions of brilliance
 L - a potion of lignification
 N - a potion of cancellation
Books
 U - a book of Maledictions

   Spells                             Type                      Level
   a - Corona                         Hexes                        1
   b - Ensorcelled Hibernation        Hexes/Ice                    2
   c - Confuse                        Hexes                        3
   d - Tukima's Dance                 Hexes                        3
   e - Dazzling Spray                 Conjuration/Hexes            3
Miscellaneous
 X - a sack of spiders
Comestibles
 c - 18 bread rations
 d - a slice of pizza
 B - 4 chunks of flesh
 Q - a meat ration
 T - a beef jerky
 V - 3 fruits


   Skills:
 - Level 8.0 Fighting
 - Level 6.1 Armour
 - Level 14.0 Dodging
 - Level 2.4 Stealth
 - Level 13.0 Spellcasting
 - Level 14.0 Conjurations
 * Level 3.1 Charms
 + Level 10.7 Fire Magic


You had 10 spell levels left.
You knew the following spells:

 Your Spells              Type           Power        Failure   Level  Hunger
a - Magic Dart            Conj           ####         0%          1    None
b - Searing Ray           Conj           ######       0%          2    None
c - Iskenderun's Mystic   Conj           #######.     1%          4    None
d - Iskenderun's Battles  Conj/Chrm      ######..     1%          5    None
e - Fireball              Conj/Fire      #######...   1%          5    None
f - Bolt of Fire          Conj/Fire      #######...   1%          6    ###....
g - Deflect Missiles      Chrm/Air       #####.....   99%         6    ###....


Dungeon Overview and Level Annotations

Branches:
Dungeon (11/15)            Temple (1/1) D:4            Lair (8/8) D:8
 Shoals (0/4) Lair:5       Spider (0/4) Lair:6        Slime (0/6) Lair:7
    Orc: D:9-12

Altars:
Ashenzari
Cheibriados
Dithmenos
Elyvilon
Fedhas
Gozag
Kikubaaqudgha
Makhleb
Nemelex Xobeh
Okawaru
Qazlal
Ru
Sif Muna
Trog
Vehumet
Xom
Yredelemnul
Zin
The Shining One
Jiyva

Shops:
D:5 (   D:8 *   D:11 *


Innate Abilities, Weirdness & Mutations

You are partially covered in rugged brown scales (AC +1, +3% HP).
Your mind is acute. (Int +2)
You are covered in fur (AC +1).


Message History

Aim: a komodo dragon (haloed)
The orb of energy hits the komodo dragon.
The komodo dragon is lightly wounded.
The orb of energy explodes!
You feel sick.
Your battlesphere fires!
The barrage of energy hits the komodo dragon.
The komodo dragon is moderately wounded.
The wolf bites you but does no damage. The black mamba barely misses you.
The wolf completely misses you. The komodo dragon closely misses you.
The wolf barely misses you.
The spiny frog stings you but does no damage.
The black mamba bites you!
You are more poisoned.
The black mamba poisons you!
Drink which item? (? for menu, Esc to quit)
You feel better. The wolf completely misses you. The wolf barely misses you.
The black mamba completely misses you. The komodo dragon bites you!!
* * * LOW HITPOINT WARNING * * *
The spiny frog stings you!
You die...

≈..# #..........# #...........
≈..###.........## #####.......P..
...##..........P# #.####....>...#
≈..##...........####.............
...##.........*.##.#...<.........
...##......................†.....
....P...#...................PP..#
.................l..........P#P##
................@F..........####
...............hSh........#.P##
...................#.....#....#
..................P.....###.#.#
.......................######.#
...#.....................# ###
..#...............#.###.##
.###.............P### ###
###..............##


You could see a komodo dragon, a black mamba, a spiny frog and 2 wolves.

Vanquished Creatures
  Rupert (Lair:7)
  Kirke (Lair:7)
  Josephine (Lair:4)
  A minotaur (Lab)
  A catoblepas (Lair:6)
  4 hydras
  A queen ant (Lair:2)
  5 hill giants
  An oklob plant (Lair:5)
  An ugly thing (D:11)
  8 black mambas
  An elephant (Lair:7)
  2 torpor snails
  11 spiny frogs
  3 gargoyles (D:11)
  9 komodo dragons
  A kobold demonologist (D:10)
  4 fire drakes
  A troll (D:11)
  A jumping spider (Lair:6)
  A polar bear (Lair:2)
  Prince Ribbit (D:5)
  2 two-headed ogres
  10 blink frogs (Lair:3)
  2 boulder beetles (Lair:6)
  4 wraiths (Lair:4)
  3 trapdoor spiders
  4 spriggans (Lair:3)
  2 hogs
  2 redbacks (Lair:6)
  35 yaks
  14 wolves
  2 wyverns
  2 basilisks
  11 hippogriffs
  16 water moccasins
  16 porcupines
  20 soldier ants (Lair:2)
  3 orc warriors
  5 ice beasts
  4 sky beasts
  2 spiders (Lair:6)
  A phantom (D:9)
  A black bear (D:8)
  3 centaurs
  7 ogres
  15 crocodiles
  A gnoll sergeant (D:10)
  22 giant frogs
  2 big kobolds
  An earth elemental (D:11)
  2 scorpions
  12 killer bees
  3 wights (D:6)
  6 crimson imps
  2 centaur zombies
  2 electric eels (Lair:5)
  4 jellies
  3 quasits
  9 orc wizards
  2 giant frog zombies
  A centaur skeleton (D:10)
  A giant frog skeleton (D:10)
  11 hell rats
  12 orc priests
  8 hounds
  Jessica (D:3)
  Natasha (thrice) (D:3)
  15 iguanas
  A gnoll shaman (D:6)
  A killer bee zombie (D:6)
  28 worker ants
  19 sheep
  A hound skeleton (D:11)
  A worker ant zombie (D:11)
  20 gnolls
  10 adders
  28 river rats
  3 shadow imps
  2 worms
  6 giant geckos
  52 orcs
  7 goblins
  3 hobgoblins
  10 jackals
  19 kobolds
  3 quokkas
  A ball python (D:2)
  7 bats
  7 giant newts
  7 rats
  4 fungi
609 creatures vanquished.

Vanquished Creatures (collateral kills)
  2 oklob plants (Lair:5)
2 creatures vanquished.

Vanquished Creatures (others)
  2 humans (Lair:7)
  A basilisk (Lair:7)
  A wolf (Lair:7)
  A giant frog (Lair:7)
  A worker ant (D:4)
  A river rat (Lair:7)
  A giant newt (D:4)
  17 fungi
  21 plants
46 creatures vanquished.

Grand Total: 657 creatures vanquished

Notes
Turn   | Place    | Note
--------------------------------------------------------------
     0 | D:1      | Monkaria the Deep Elf Conjurer began the quest for the Orb.
     0 | D:1      | Reached XP level 1. HP: 10/10 MP: 6/6
    23 | D:1      | Upgraded the game from 0.17-a0-1647-gb11a595 to 0.17-a0-1650-gce8475a
   240 | D:1      | Reached XP level 2. HP: 15/15 MP: 4/8
   266 | D:1      | Reached skill level 5 in Conjurations
   826 | D:2      | Reached XP level 3. HP: 17/19 MP: 5/9
  1141 | D:2      | Learned a level 2 spell: Searing Ray
  1308 | D:2      | Reached skill level 6 in Conjurations
  1311 | D:2      | Reached XP level 4. HP: 24/24 MP: 2/10
  1733 | D:3      | Noticed Natasha
  1740 | D:3      | Killed Natasha
  1855 | D:3      | Reached skill level 7 in Conjurations
  1855 | D:3      | Reached XP level 5. HP: 26/28 MP: 2/11
  2105 | D:3      | Noticed Natasha
  2112 | D:3      | Killed Natasha
  2177 | D:3      | Noticed Natasha
  2182 | D:3      | Killed Natasha
  2497 | D:3      | Found a faded altar to an unknown god.
  2533 | D:3      | Found a sparkling altar of Nemelex Xobeh.
  2533 | D:3      | Noticed Jessica
  2537 | D:3      | Killed Jessica
  2537 | D:3      | Reached skill level 8 in Conjurations
  2537 | D:3      | Reached XP level 6. HP: 28/32 MP: 8/12
  2902 | D:4      | Learned a level 4 spell: Iskenderun's Mystic Blast
  2977 | D:4      | Found an opulent altar of Gozag.
  3420 | D:4      | Found a staircase to the Ecumenical Temple.
  3429 | Temple   | Entered the Ecumenical Temple
  3514 | Temple   | Became a worshipper of Vehumet
  3570 | D:5      | Entered Level 5 of the Dungeon
  3583 | D:4      | Reached skill level 9 in Conjurations
  3718 | D:5      | Reached XP level 7. HP: 36/36 MP: 0/15
  3730 | D:5      | Found Attir's Antique Weapon Boutique.
  4082 | D:5      | Reached skill level 5 in Spellcasting
  4420 | D:5      | Noticed Prince Ribbit
  4428 | D:5      | Learned a level 5 spell: Iskenderun's Battlesphere
  4439 | D:5      | Killed Prince Ribbit
  4439 | D:5      | Reached XP level 8. HP: 31/41 MP: 9/22
  5137 | D:6      | Acquired Vehumet's first power
  5137 | D:6      | Offered knowledge of Sandblast by Vehumet.
  5524 | D:5      | Reached skill level 10 in Spellcasting
  5964 | D:6      | Gained mutation: You are covered in fur (AC +1). [mutagenic meat]
  5965 | D:6      | Gained mutation: Your muscles are strong. (Str +2) [mutagenic meat]
  5966 | D:6      | Gained mutation: You have a pair of small horns on your head. [mutagenic meat]
  6004 | D:6      | Reached skill level 11 in Spellcasting
  6018 | D:6      | Found a shattered altar of Ashenzari.
  6307 | D:6      | Offered knowledge of Shock by Vehumet.
  6874 | D:7      | Reached skill level 10 in Conjurations
  6874 | D:7      | Reached XP level 9. HP: 35/45 MP: 15/26
  7188 | D:7      | Found an opulent altar of Gozag.
  7188 | D:7      | Found a blossoming altar of Fedhas.
  7224 | D:7      | Found a snail-covered altar of Cheibriados.
  7520 | D:7      | Lost mutation: Your muscles are strong. (Str +2) [mutagenic meat]
  7878 | D:8      | Offered knowledge of Throw Flame by Vehumet.
  8177 | D:8      | Reached skill level 12 in Conjurations
  8577 | D:8      | Found a shadowy altar of Dithmenos.
  8580 | D:8      | Found a sparkling altar of Nemelex Xobeh.
  8586 | D:8      | Found a glowing golden altar of the Shining One.
  8620 | D:8      | Acquired Vehumet's second power
  8732 | D:8      | Found a staircase to the Lair.
  8779 | D:8      | Found Puluge's General Store.
  8793 | D:8      | Bought a potion of brilliance for 52 gold pieces
  8793 | D:8      | Bought a scroll of fog for 26 gold pieces
  8793 | D:8      | Bought a scroll of identify for 26 gold pieces
  8793 | D:8      | Bought an uncursed ring of magical power for 260 gold pieces
  8793 | D:8      | Bought a scroll of teleportation for 39 gold pieces
  9164 | D:8      | Reached skill level 13 in Conjurations
  9180 | D:8      | Reached XP level 10. HP: 50/50 MP: 27/27
  9416 | D:9      | Offered knowledge of Olgreb's Toxic Radiance by Vehumet.
  9692 | D:9      | Got a bloodstained long sword
  9916 | D:9      | Reached skill level 5 in Dodging
 10233 | D:9      | Acquired Vehumet's third power
 10432 | D:9      | Noticed a seven-headed hydra
 10439 | D:9      | Killed a seven-headed hydra
 10548 | D:10     | Entered Level 10 of the Dungeon
 10763 | D:10     | Offered knowledge of Venom Bolt by Vehumet.
 10854 | D:10     | Noticed a hill giant
 10898 | D:10     | Killed a hill giant
 10898 | D:10     | Reached skill level 10 in Dodging
 11288 | D:10     | Gained mutation: You are partially covered in rugged brown scales (AC +1, +3% HP). [mutagenic meat]
 11678 | D:11     | Found Aphahamu's Pet Rocks.
 11700 | D:11     | Reached XP level 11. HP: 55/55 MP: 23/28
 11968 | D:11     | Noticed a hill giant
 11975 | D:11     | Killed a hill giant
 12409 | D:11     | Noticed a hill giant
 12414 | D:11     | Killed a hill giant
 12502 | D:11     | Noticed a brown ugly thing
 12508 | D:11     | Killed a brown ugly thing
 12515 | D:11     | Lost mutation: You have a pair of small horns on your head. [mutagenic meat]
 12624 | D:11     | Noticed a hill giant
 12635 | D:11     | Killed a hill giant
 13075 | D:11     | Noticed a hill giant
 13086 | D:11     | Killed a hill giant
 13237 | D:11     | Identified the cursed +0 long sword of Equivalence {slice, rElec rF+ rN+} (You found it on level 9 of the Dungeon)
 13279 | D:10     | Noticed a soul eater
 13369 | Lair:1   | Entered Level 1 of the Lair of Beasts
 13420 | Lair:1   | Reached skill level 14 in Dodging
 13456 | Lair:1   | Reached skill level 1 in Fighting
 13650 | Lair:1   | Offered knowledge of Fireball by Vehumet.
 13658 | Lair:1   | Learned a level 5 spell: Fireball
 14311 | Lair:2   | Got a scorched leather armour
 14505 | Lair:2   | Noticed a queen ant
 14526 | Lair:2   | Reached skill level 5 in Fighting
 14530 | Lair:2   | Reached XP level 12. HP: 66/70 MP: 27/29
 14622 | Lair:2   | Reached skill level 1 in Armour
 14748 | Lair:2   | Killed a queen ant
 15947 | Lair:2   | Identified the cursed +0 leather armour of Zin's Pride {rC- Int+4} (You found it on level 2 of the Lair of Beasts)
 16026 | Lair:1   | Reached skill level 5 in Armour
 18791 | Lair:1   | Gained mutation: Your mind is acute. (Int +2) [potion of beneficial mutation]
 18954 | Lair:4   | Noticed Josephine
 18962 | Lair:4   | Killed Josephine
 18962 | Lair:4   | Reached XP level 13. HP: 73/80 MP: 4/30
 20661 | Lair:5   | Found a labyrinth entrance.
 20666 | Lair:5   | Found a staircase to the Shoals.
 20670 | Lab      | Entered a labyrinth
 21151 | Lab      | Got a faintly glowing hand crossbow
 21151 | Lab      | Got a faintly glowing plate armour
 22495 | Lair:1   | Identified the +2 hand crossbow "Gunedin" {freeze, *Drain rC+++ Int+5} (You took it off a minotaur in a labyrinth)
 22530 | Lair:1   | Learned a level 6 spell: Bolt of Fire
 22537 | Lair:1   | Learned a level 6 spell: Deflect Missiles
 22556 | Lair:1   | You fall through a shaft!
 22647 | Lair:5   | Reached skill level 1 in Fire Magic
 23364 | Lair:6   | Found a hole to the Spider Nest.
 23366 | Lair:6   | Reached skill level 5 in Fire Magic
 23368 | Lair:6   | Offered knowledge of Bolt of Magma by Vehumet.
 23888 | Lair:7   | Noticed Kirke
 24607 | Lair:7   | Killed Kirke
 24863 | Lair:6   | Reached XP level 14. HP: 59/86 MP: 25/33
 24976 | Lair:7   | Got a translucent hand axe
 25001 | Lair:7   | Noticed Rupert
 25360 | Lair:7   | Killed Rupert
 25501 | Lair:7   | Found a viscous altar of Jiyva.
 25502 | Lair:7   | Found a staircase to the Slime Pits.
 25521 | Lair:7   | Reached skill level 10 in Fire Magic
 26013 | Lair:8   | Entered Level 8 of the Lair of Beasts
 26186 | Lair:8   | Reached skill level 1 in Charms
 26353 | Lair:7   | Offered knowledge of Bolt of Draining by Vehumet.
 26394 | Lair:7   | Slain by a spiny frog

Vault maps used:
D:1:      onia_arrival_mini_spirals, moated_statue, st_stairs_3,
          serial_park_tiny_2, minmay_tree_intersection
D:3:      ecumenical_altar_2, nemelex_lonely_heart_becter, uniq_natasha
D:4:      lemuel_temple_firewalk_marked,
          nicolae_gozag_cash_rules_everything_around_me
D:5:      serial_shops, shop_fountains, first_bread, uniq_prince_ribbit1
D:6:      ashenzari_altar_1
D:7:      cheibriados_altar_1, grunt_temple_overflow_open
D:8:      grunt_temple_overflow_diamond, lair_0_dummy, serial_shops,
          nicolae_shop_stone, grunt_ogre_cave
D:11:     guppyfry_shop_earth
Temple:   circular_temple_12
Lair:2:   minivault_29
Lair:3:   wad_woods_settlement
Lair:4:   lemuel_fruit_tree, bh_autumn_forest_stairs, uniq_josephine
Lair:5:   minmay_lair_oklob_chamber, elwin_shoals_entry_rocks,
          lab_entry_generic, st_stairs_6, nicolae_quartered_pool_super
Lair:6:   spider_nest_entry_funnel_web, kennysheep_catoblepas_arena
Lair:7:   slime_altar_1, infiniplex_staircase_pool, uniq_rupert, uniq_kirke
Lair:8:   grunt_lair_end_beastmaster, st_stairs_8, serial_bayou_shore_b,
          grunt_megastairs_5
Lab:      labyrinth_mini_lab, labyrinth_glass_1, nicolae_lab_x

Action                   |  1- 3 |  4- 6 |  7- 9 | 10-12 | 13-15 || total
-------------------------+-------+-------+-------+-------+-------++-------
Melee: Unarmed           |       |     9 |     4 |       |       ||    13
       Dagger            |       |       |       |     2 |       ||     2
       Long sword        |       |       |       |     5 |    10 ||    15
       Eveningstar       |       |       |       |       |     6 ||     6
 Cast: Magic Dart        |    60 |    28 |    16 |    58 |    28 ||   190
       Searing Ray       |     3 |    20 |    89 |   175 |    77 ||   364
       Iskenderun's Myst |       |       |    16 |   158 |   163 ||   337
       Iskenderun's Batt |       |       |       |    11 |    10 ||    21
       Bolt of Fire      |       |       |       |       |    13 ||    13
       Fireball          |       |       |       |       |     2 ||     2
Evoke: Wand              |       |       |       |     6 |       ||     6
  Use: Potion            |       |       |     5 |     3 |     5 ||    13
       Scroll            |       |       |    19 |     8 |     8 ||    35
 Stab: Sleeping          |       |       |       |     1 |       ||     1
  Eat: Chunk             |       |     9 |    20 |    33 |    23 ||    85
       Fruit             |       |       |       |     2 |       ||     2
       Beef jerky        |       |       |       |     1 |       ||     1
